[Event "Titled Tuesday Blitz July 4 Early 2023"]
[White "Kiseleva, Arina"]
[Black "Mortazavi, Ali"]
[WhiteFideId "4164989"]
[BlackFideId "401323"]
[WhiteElo "2195"]
[BlackElo "2558"]
[Result "0-1"]
[Round "1"]
[TimeControl "180+2"]
[Date "2023.07.04"]
[WhiteClock "0:00:02"]
[BlackClock "0:01:07"]
[Board "202"]

1. d4 Nf6 2. Nf3 g6 3. Nbd2 Bg7 4. b3 d6 5. Bb2 O-O 6. e3 c5 7. Bd3 cxd4 8. exd4 Nc6 9. O-O b6 10. c4 d5 11. Ne5 Nb4 12. Be2 Bb7 13. a3 Nc6 14. Nxc6 Bxc6 15. Nf3 Ne4 16. Rc1 Rc8 17. Ne5 Bb7 18. f3 Nf6 19. c5 bxc5 20. dxc5 Nd7 21. Nxd7 Bxb2 22. Nxf8 Bxa3 23. Nxg6 hxg6 24. Qd4 Bxc1 25. Rxc1 a5 26. f4 e6 27. Bf3 Bc6 28. h4 Qxh4 29. Qc3 Qxf4 30. Qxa5 Qxc1+ 0-1


[Site "https://www.chess.com"]

[Event "Titled Tuesday Blitz July 4 Early 2023"]
[White "only_strong_moves"]
[Black "Fernandez Hernandez, Gerardo"]
[BlackFideId "2207400"]
[WhiteElo "2558"]
[BlackElo "2188"]
[Result "0-1"]
[Round "1"]
[TimeControl "180+2"]
[Date "2023.07.04"]
[WhiteClock "0:00:26"]
[BlackClock "0:00:08"]
[Board "203"]

1. c4 e5 2. Nc3 Nc6 3. Nf3 f5 4. d3 Nf6 5. g3 Bb4 6. Bg2 d6 7. O-O O-O 8. Bg5 Bxc3 9. bxc3 Qe8 10. Rb1 Qh5 11. Bxf6 Rxf6 12. e3 f4 13. Nd2 Bg4 14. f3 Bc8 15. exf4 exf4 16. g4 Qa5 17. Qe2 Rf8 18. Ne4 b6 19. Rb5 Qa6 20. d4 Bd7 21. Rbb1 Rae8 22. Qd3 Na5 23. Rb4 Nc6 24. Rb5 Na5 25. Rb4 Nc6 26. Rb2 Na5 27. Nd2 Re3 28. Qc2 Nxc4 29. Nxc4 Qxc4 30. Rbb1 Re2 31. Qc1 Qxa2 32. Bh3 Rxh2 33. Ra1 Qe2 34. Qe1 Qxe1 35. Rfxe1 Rxh3 36. Kg2 Rg3+ 37. Kf2 Bc6 38. Re7 Rxf3+ 39. Ke2 Re3+ 40. Rxe3 fxe3 41. Kxe3 a5 42. c4 Re8+ 43. Kd3 a4 44. d5 Bd7 45. Rf1 Rf8 46. Re1 Kf7 47. Rf1+ Ke7 48. Re1+ Kd8 49. Rh1 h6 50. g5 Bf5+ 51. Kd4 hxg5 52. Rh5 Bg6 53. Rxg5 Rf6 54. Rg4 Be8 55. Rg1 Ke7 56. Ra1 Kf7 57. Ke4 g5 58. Ke3 Kg6 59. Rg1 Rf4 60. Rh1 Rxc4 61. Rh8 Bf7 62. Rf8 a3 63. Ra8 Rc3+ 64. Kd4 Rg3 65. Ra4 Rg4+ 66. Kd3 Rxa4 67. Kc3 a2 68. Kb3 a1=Q 69. Kc2 Ra3 70. Kd2 Qa2+ 71. Ke1 Qb3 72. Kd2 Ra2+ 73. Kc1 Qb1+ 74. Kxb1 Rf2 75. Kc1 Rf5 76. Kb1 g4 77. Kb2 g3 78. Kb3 g2 79. Kb4 g1=Q 80. Kb5 Be8+ 81. Ka6 Qd4 82. Kb7 Qxd5+ 83. Kc8 c5 84. Kd8 Qc6 85. Ke7 Qd7# 0-1


[Site "https://www.chess.com"]

[Event "Titled Tuesday Blitz July 4 Early 2023"]
[White "Schachpanda_Youtube"]
[Black "Golubev, Mikhail"]
[BlackFideId "14100983"]
[WhiteElo "2185"]
[BlackElo "2557"]
[Result "0-1"]
[Round "1"]
[TimeControl "180+2"]
[Date "2023.07.04"]
[WhiteClock "0:00:00"]
[BlackClock "0:00:20"]
[Board "204"]

1. e4 c5 2. d4 cxd4 3. c3 dxc3 4. Nxc3 Nc6 5. Nf3 d6 6. Bc4 a6 7. O-O Nf6 8. Qe2 Bg4 9. Be3 e6 10. Bb3 Be7 11. h3 Bh5 12. Rfd1 Ne5 13. g4 Nxf3+ 14. Qxf3 Bg6 15. e5 Nd7 16. exd6 Bf6 17. Qxb7 O-O 18. Rac1 h6 19. Qf3 Rb8 20. Ne4 Bxe4 21. Qxe4 Bxb2 22. Rc7 Nf6 23. Qc6 a5 24. g5 hxg5 25. Bxg5 Be5 26. f4 Bb2 27. Qg2 Ba3 28. Bh6 Nh5 29. Rd3 Bxd6 30. Rxf7 Rxf7 31. Bxe6 Bc5+ 32. Kh2 Qxd3 0-1


[Site "https://www.chess.com"]

[Event "Titled Tuesday Blitz July 4 Early 2023"]
[White "Thecourseoisildur"]
[Black "Hartikainen, Jarmo"]
[BlackFideId "503134"]
[WhiteElo "2556"]
[BlackElo "2155"]
[Result "1-0"]
[Round "1"]
[TimeControl "180+2"]
[Date "2023.07.04"]
[WhiteClock "0:01:16"]
[BlackClock "0:00:05"]
[Board "205"]

1. e4 c5 2. Nf3 Nc6 3. Bb5 e6 4. O-O Nge7 5. Re1 a6 6. Bf1 d6 7. d3 Ng6 8. b3 Be7 9. Bb2 Bf6 10. Qc1 O-O 11. Nbd2 b5 12. Bxf6 Qxf6 13. g3 e5 14. Bg2 h5 15. h4 Qe7 16. Nf1 f5 17. Ne3 f4 18. Nd5 Qd8 19. Ng5 Nd4 20. c3 Ne6 21. Nxe6 Bxe6 22. Qd1 fxg3 23. fxg3 Bg4 24. Qd2 Ra7 25. Rf1 Raf7 26. Ne3 Nxh4 27. gxh4 Qxh4 28. Rxf7 Rxf7 29. Rf1 Rf4 30. Nd5 Rxf1+ 31. Bxf1 Bf3 32. Qh2 Qg4+ 33. Kf2 h4 34. Qh3 Qh5 35. Qxf3 1-0


[Site "https://www.chess.com"]

[Event "Titled Tuesday Blitz July 4 Early 2023"]
[White "Torres Dominguez, David"]
[Black "Estrada Nieto, Julian"]
[WhiteFideId "2220857"]
[BlackFideId "5101018"]
[WhiteElo "2154"]
[BlackElo "2556"]
[Result "0-1"]
[Round "1"]
[TimeControl "180+2"]
[Date "2023.07.04"]
[WhiteClock "0:00:00"]
[BlackClock "0:00:13"]
[Board "206"]

1. e3 e5 2. d4 exd4 3. exd4 d5 4. Bd3 Nf6 5. Nf3 Be7 6. O-O O-O 7. Ne5 c5 8. dxc5 Bxc5 9. Nd2 Nc6 10. Nxc6 bxc6 11. Nb3 Bb6 12. Bg5 h6 13. Bh4 Re8 14. Qd2 a5 15. a4 Qd6 16. Bg3 Qd8 17. Rfe1 Ba6 18. Rxe8+ Nxe8 19. Bxa6 Rxa6 20. Rd1 Nf6 21. Bh4 Ra8 22. Qd3 Qd6 23. Bg3 Qe6 24. Nd4 Qd7 25. Qf5 Qb7 26. Be5 Ne4 27. f3 Nc5 28. b3 Ne6 29. Kh1 Bxd4 30. Bxd4 Nxd4 31. Rxd4 Re8 32. Rd1 Re2 33. Qd3 Qe7 34. h3 g6 35. Kh2 h5 36. Qc3 Qg5 37. Rg1 Qf4+ 38. Kh1 Qc7 39. Qd3 Re6 40. Rd1 Qe7 41. c4 Re1+ 42. Rxe1 Qxe1+ 43. Kh2 Qe5+ 44. Kh1 d4 45. Qd2 h4 46. Kg1 Kg7 0-1


[Site "https://www.chess.com"]

[Event "Titled Tuesday Blitz July 4 Early 2023"]
[White "Fonseca Manrique, Enrique"]
[Black "Tagliata"]
[WhiteFideId "5114330"]
[WhiteElo "2553"]
[BlackElo "2150"]
[Result "1/2-1/2"]
[Round "1"]
[TimeControl "180+2"]
[Date "2023.07.04"]
[WhiteClock "0:00:07"]
[BlackClock "0:00:19"]
[Board "207"]

1. e4 c5 2. Nc3 Nc6 3. f4 e6 4. Nf3 Nge7 5. d4 cxd4 6. Nxd4 Nxd4 7. Qxd4 Nc6 8. Qf2 d5 9. Bd3 Bb4 10. Bd2 d4 11. Nb1 Bc5 12. O-O O-O 13. Na3 f6 14. Rad1 Qe7 15. Nc4 b5 16. Na5 Nxa5 17. Bxa5 Bd7 18. Qe2 b4 19. e5 f5 20. Kh1 Bc6 21. c3 bxc3 22. bxc3 dxc3 23. Bxc3 Rab8 24. Bc4 Be4 25. h3 Kh8 26. Kh2 Rfd8 27. Bb3 Rxd1 28. Rxd1 Qh4 29. Rf1 Qh6 30. Qc4 Be3 31. Qxe6 Bxf4+ 32. Kg1 Be3+ 33. Kh2 Bf4+ 34. Kg1 Qh4 35. Rxf4 Qxf4 36. Qd6 Qe3+ 37. Kh2 Qb6 38. Qd2 Rd8 39. Qg5 h6 40. Qe7 Qb8 41. Kg1 Qc8 42. e6 Rg8 43. Be5 Qc1+ 44. Kh2 Qe3 45. Qh4 Qd2 46. Qg3 f4 47. Bxf4 Qe2 48. Be5 Kh7 49. e7 Bg6 50. Bxg8+ Kxg8 51. Qxg6 Qxe5+ 52. Kh1 Qxe7 53. Qf5 Qe1+ 54. Kh2 Qe7 55. Qd5+ Kh7 56. Qd3+ g6 57. Qd5 Qc7+ 58. Kg1 h5 59. h4 Qe7 60. Qf3 Qe1+ 61. Kh2 Qxh4+ 62. Kg1 Qd4+ 63. Kh2 Qe5+ 64. Kg1 Qa1+ 65. Kh2 Qxa2 66. Qb7+ Kh6 67. Qc6 Qd2 68. Qb7 Qf4+ 69. Kg1 Qd4+ 70. Kh2 a5 71. Qa6 a4 72. Qa8 Qf4+ 73. g3 Qd2+ 74. Kh3 Qd7+ 75. Kh2 Kg7 76. Qa5 Kh7 77. Qa8 Qb5 78. Kh3 Qf5+ 79. Kh2 Qc2+ 80. Kh3 Qb3 81. Qa7+ Kh6 82. Qa8 a3 83. Qh8+ Kg5 84. Qe5+ Kh6 85. Qh8+ Kg5 86. Qe5+ Kh6 87. Qh8+ 1/2-1/2


[Site "https://www.chess.com"]

[Event "Titled Tuesday Blitz July 4 Early 2023"]
[White "Sanchez, Robert"]
[Black "The_Sherman_Variation"]
[WhiteFideId "2034360"]
[WhiteElo "2136"]
[BlackElo "2552"]
[Result "0-1"]
[Round "1"]
[TimeControl "180+2"]
[Date "2023.07.04"]
[WhiteClock "0:01:06"]
[BlackClock "0:01:11"]
[Board "208"]

1. e4 g6 2. d4 Bg7 3. Nc3 d6 4. Be3 a6 5. f3 b5 6. Qd2 Nd7 7. O-O-O Bb7 8. d5 Rc8 9. h4 h5 10. Nh3 c5 11. dxc6 Bxc6 12. Bd4 Ngf6 13. Kb1 b4 14. Ne2 Qa5 15. Nc1 Nc5 16. Nb3 Nxb3 17. cxb3 O-O 18. Nf2 e5 19. Be3 d5 20. Bh6 dxe4 21. Bxg7 Kxg7 22. g4 Rfd8 23. Qe1 Rxd1+ 24. Qxd1 e3 25. g5 exf2 26. gxf6+ Kh7 27. Bc4 Qc5 28. Rf1 Bb5 29. Qd2 Bxc4 30. bxc4 Qxc4 31. Rxf2 Qxh4 32. Rf1 Qxf6 33. Qxb4 Qf5+ 34. Ka1 Qxf3 0-1


[Site "https://www.chess.com"]

[Event "Titled Tuesday Blitz July 4 Early 2023"]
[White "Degenbaev, Aziz"]
[Black "Wesolowska, Hanna"]
[WhiteFideId "13802640"]
[BlackFideId "1104683"]
[WhiteElo "2547"]
[BlackElo "2133"]
[Result "1-0"]
[Round "1"]
[TimeControl "180+2"]
[Date "2023.07.04"]
[WhiteClock "0:02:29"]
[BlackClock "0:02:06"]
[Board "209"]

1. d4 Nf6 2. c3 c5 3. Nf3 cxd4 4. cxd4 d5 5. Nc3 Nc6 6. Bf4 a6 7. e3 Bf5 8. Bd3 Bg6 9. O-O e6 10. Bxg6 hxg6 11. Qb3 b5 12. a4 b4 13. Ne2 Bd6 14. Rac1 Rc8 15. Qd3 a5 16. Qb5 Qd7 17. Bxd6 Qxd6 18. Ne5 Kf8 19. Rxc6 Rxc6 20. Qxc6 Qb8 21. Nf4 g5 22. Nxe6+ fxe6 23. Qxe6 Qe8 24. Qxe8+ Kxe8 25. Rc1 Ke7 26. Ng6+ 1-0


[Site "https://www.chess.com"]

[Event "Titled Tuesday Blitz July 4 Early 2023"]
[White "Baruch, Liam"]
[Black "Ladron De Guevara Pinto, Paolo"]
[WhiteFideId "14322064"]
[BlackFideId "2290847"]
[WhiteElo "2131"]
[BlackElo "2547"]
[Result "0-1"]
[Round "1"]
[TimeControl "180+2"]
[Date "2023.07.04"]
[WhiteClock "0:00:17"]
[BlackClock "0:00:20"]
[Board "210"]

1. e4 d6 2. d4 Nf6 3. Nc3 g6 4. Be3 c6 5. Qd2 b5 6. f3 a5 7. Bd3 Nbd7 8. Nh3 e5 9. O-O Bg7 10. d5 cxd5 11. exd5 b4 12. Nb5 Nc5 13. Bxc5 dxc5 14. d6 O-O 15. Be4 Nxe4 16. fxe4 Ba6 17. Nc7 Bxf1 18. Nxa8 Qxa8 19. Rxf1 Qxe4 20. Kh1 h6 21. Rd1 Rd8 22. d7 Qd4 23. Qe1 Qg4 24. Qd2 e4 25. Nf2 Qe6 26. Qd5 e3 27. Qxe6 fxe6 28. Nd3 Rxd7 29. Re1 c4 30. Nc5 Rd5 31. Nxe6 e2 32. Kg1 Rd2 33. Kf2 Rxc2 34. Rxe2 Rxe2+ 35. Kxe2 Bxb2 36. Nc5 Bd4 37. Nb7 Bb6 38. Nd6 c3 39. Kd3 Bc7 40. Nb5 Bxh2 41. Nd4 Bc7 42. Ne6 Bb6 43. Nf4 Kf7 44. Nd5 Bd8 45. Ne3 h5 46. Ke4 Ke6 47. Nc2 g5 48. Nd4+ Kf6 49. Nc2 Bb6 50. g3 h4 51. gxh4 gxh4 52. Kf3 Kf5 53. Ne1 h3 54. Kg3 Ke4 55. Kxh3 Ke3 56. Nc2+ Kd2 57. Na1 c2 58. Nb3+ Kc3 59. Nc1 Be3 60. Ne2+ Kd2 0-1


[Site "https://www.chess.com"]

[Event "Titled Tuesday Blitz July 4 Early 2023"]
[White "Hajiyev, Kanan"]
[Black "campochess"]
[WhiteFideId "13404148"]
[WhiteElo "2546"]
[BlackElo "2128"]
[Result "1-0"]
[Round "1"]
[TimeControl "180+2"]
[Date "2023.07.04"]
[WhiteClock "0:00:24"]
[BlackClock "0:00:24"]
[Board "211"]

1. d4 c5 2. e3 Nf6 3. Nf3 g6 4. Be2 Bg7 5. O-O cxd4 6. exd4 O-O 7. Re1 b6 8. a4 a5 9. c3 Bb7 10. Bf4 d6 11. Nbd2 Nc6 12. Qb3 Rc8 13. Nc4 Nd5 14. Bg5 h6 15. Bh4 Rb8 16. Bf1 Ba6 17. Bg3 Qc7 18. Nxd6 Bxf1 19. Rxf1 exd6 20. Qxd5 Rfd8 21. Rfe1 Ne7 22. Qe4 Nf5 23. Bf4 Qc4 24. g4 d5 25. Qe2 Nd6 26. Qxc4 dxc4 27. Re7 b5 28. Ne5 Bf6 29. Ra7 bxa4 30. Nc6 Rb7 31. Rxb7 Nxb7 32. Nxd8 Nxd8 33. Rxa4 Ne6 34. Bd6 Bg5 35. Rxa5 Bc1 36. Ba3 Nf4 37. Ra4 Nd3 38. Rxc4 Nxb2 39. Rb4 Nd3 40. Bxc1 Nxc1 41. Kf1 Kf8 42. c4 Ke7 43. Rb7+ Kf6 44. c5 Nb3 45. Rxb3 1-0


[Site "https://www.chess.com"]

[Event "Titled Tuesday Blitz July 4 Early 2023"]
[White "Suduvasachmatai"]
[Black "Tologon tegin, Semetei"]
[BlackFideId "13800574"]
[WhiteElo "2124"]
[BlackElo "2546"]
[Result "0-1"]
[Round "1"]
[TimeControl "180+2"]
[Date "2023.07.04"]
[WhiteClock "0:00:04"]
[BlackClock "0:00:09"]
[Board "212"]

1. e4 g6 2. d4 Bg7 3. Nf3 c6 4. Nc3 d5 5. exd5 cxd5 6. Bf4 a6 7. Be2 Nc6 8. O-O Nf6 9. Ne5 O-O 10. Bf3 Be6 11. Re1 Rc8 12. Bg5 Nd7 13. Nxc6 bxc6 14. Qe2 Bxd4 15. Qxa6 Ne5 16. Qe2 Nxf3+ 17. Qxf3 Rb8 18. Rad1 Bg7 19. Na4 Qa5 20. b3 Rfe8 21. Qg3 Rbc8 22. Qe3 c5 23. Qg3 d4 24. Bd2 Qa7 25. h3 Bf5 26. Rc1 e5 27. c3 e4 28. cxd4 cxd4 29. Qd6 Rxc1 30. Rxc1 e3 31. Be1 d3 32. Qc6 Qb8 33. fxe3 Rxe3 34. Bf2 Re8 35. g4 Rc8 36. gxf5 Rxc6 37. Rxc6 d2 38. fxg6 d1=Q+ 0-1


[Site "https://www.chess.com"]

[Event "Titled Tuesday Blitz July 4 Early 2023"]
[White "Ozates, Tuna"]
[Black "Lisjak, Zlatko"]
[WhiteFideId "6354521"]
[BlackFideId "14502186"]
[WhiteElo "2545"]
[BlackElo "2118"]
[Result "1-0"]
[Round "1"]
[TimeControl "180+2"]
[Date "2023.07.04"]
[WhiteClock "0:02:03"]
[BlackClock "0:00:02"]
[Board "213"]

1. e4 c5 2. Nf3 e6 3. g3 Nc6 4. Bg2 Nf6 5. d3 Be7 6. O-O d6 7. Nbd2 O-O 8. h3 Rb8 9. Nh2 d5 10. f4 dxe4 11. dxe4 Re8 12. e5 Nd5 13. Ne4 c4 14. c3 b5 15. Qe2 a5 16. Rd1 Qb6+ 17. Kh1 Ba6 18. Qh5 Rbd8 19. Ng4 Bf8 20. Rxd5 Be7 21. Nef6+ Bxf6 22. Nxf6+ gxf6 23. exf6 Rxd5 24. Qg4+ Kh8 25. Qg7# 1-0


[Site "https://www.chess.com"]

[Event "Titled Tuesday Blitz July 4 Early 2023"]
[White "Marin Masis, Jose Esteban"]
[Black "Bilan, Danila"]
[WhiteFideId "6508146"]
[BlackFideId "24161918"]
[WhiteElo "2100"]
[BlackElo "2543"]
[Result "1/2-1/2"]
[Round "1"]
[TimeControl "180+2"]
[Date "2023.07.04"]
[WhiteClock "0:01:15"]
[BlackClock "0:00:07"]
[Board "214"]

1. e4 c6 2. d4 d5 3. exd5 cxd5 4. c4 Nf6 5. Nf3 Nc6 6. Nc3 Bg4 7. Be2 e6 8. O-O Be7 9. cxd5 Nxd5 10. Nxd5 Qxd5 11. Be3 Bf6 12. Qb3 Qxb3 13. axb3 O-O 14. Ra4 Rfd8 15. d5 Bxf3 16. Bxf3 exd5 17. Rd1 Bxb2 18. Bxd5 Ne7 19. Bf3 Rxd1+ 20. Bxd1 a6 21. Bf3 Rd8 22. g3 Nd5 23. Bd4 Nc3 24. Bxc3 Bxc3 25. Bxb7 a5 26. Rc4 Bb4 27. Rc8 Rxc8 28. Bxc8 Kf8 29. Kg2 Ke7 30. f4 Kd6 31. Kf3 Kc5 32. Ba6 Bc3 33. Bc4 f6 34. Bg8 h6 35. Ke4 g5 36. fxg5 fxg5 37. g4 Kd6 38. Kf5 Bd2 39. Kg6 Ke5 40. Kxh6 Kf4 41. Kh5 Be1 42. Be6 Bh4 43. Bc4 Be1 44. Be6 Bh4 45. Bc4 Be1 46. Be6 1/2-1/2


[Site "https://www.chess.com"]

[Event "Titled Tuesday Blitz July 4 Early 2023"]
[White "Suarez Uriel, Adrian"]
[Black "Singgih, Diajeng Theresa"]
[WhiteFideId "22230874"]
[BlackFideId "7104391"]
[WhiteElo "2542"]
[BlackElo "2089"]
[Result "1-0"]
[Round "1"]
[TimeControl "180+2"]
[Date "2023.07.04"]
[WhiteClock "0:01:42"]
[BlackClock "0:00:16"]
[Board "215"]

1. e4 e5 2. d4 exd4 3. c3 d5 4. e5 dxc3 5. Nxc3 c6 6. Nf3 Bb4 7. Bd3 d4 8. a3 Ba5 9. b4 dxc3 10. bxa5 Qxa5 11. O-O Be6 12. Rb1 b5 13. Ng5 Ba2 14. Ra1 Bd5 15. Be4 Ne7 16. Bxd5 Nxd5 17. Qh5 Qc7 18. e6 Nf6 19. exf7+ Kd8 20. Ne6+ Kc8 21. Nxc7 Nxh5 22. Nxa8 Kb7 23. Re1 Rf8 24. Re7+ Kxa8 25. Be3 Nf6 26. Rxa7# 1-0


[Site "https://www.chess.com"]

[Event "Titled Tuesday Blitz July 4 Early 2023"]
[White "Cramling Bellon, Anna"]
[Black "Ljukin, Sergei"]
[WhiteFideId "32009232"]
[BlackFideId "14102200"]
[WhiteElo "2085"]
[BlackElo "2542"]
[Result "0-1"]
[Round "1"]
[TimeControl "180+2"]
[Date "2023.07.04"]
[WhiteClock "0:00:05"]
[BlackClock "0:00:15"]
[Board "216"]

1. d4 d5 2. c4 c6 3. Nc3 Nf6 4. Nf3 dxc4 5. a4 Bf5 6. Nh4 Bg4 7. h3 Bh5 8. g4 Bg6 9. Nxg6 hxg6 10. Bg2 e6 11. e4 Bb4 12. Bg5 Qa5 13. Bd2 Nbd7 14. Qe2 Qa6 15. e5 Nd5 16. Ne4 Be7 17. O-O c5 18. dxc5 Nxc5 19. Nxc5 Bxc5 20. Rfc1 Rc8 21. Bf1 Bd4 22. Rxc4 Rxc4 23. Qxc4 Qxc4 24. Bxc4 Bxe5 25. Bxd5 exd5 26. Kg2 Kd7 27. Rd1 Kc8 28. b4 Rd8 29. Rc1+ Kb8 30. Kf3 Rc8 31. Rxc8+ Kxc8 32. Be3 a6 33. Ke2 Kd7 34. f4 Bc3 35. b5 d4 36. Bf2 Kd6 37. Kd3 Kd5 38. bxa6 bxa6 39. h4 f5 40. gxf5 gxf5 41. h5 Bb2 42. Bh4 Bc1 43. Bg5 Be3 44. h6 gxh6 45. Bxh6 Kc5 46. Bg5 Kb4 47. Bf6 Kxa4 48. Bxd4 Bxd4 49. Kxd4 Kb3 50. Ke5 a5 51. Kxf5 a4 52. Kg6 a3 53. f5 a2 54. f6 a1=Q 55. f7 Qh8 56. Kf5 Qf8 57. Ke6 Kb4 58. Kf6 Kc5 0-1


[Site "https://www.chess.com"]

[Event "Titled Tuesday Blitz July 4 Early 2023"]
[White "Turzo, Attila"]
[Black "Jaivardhan Raj"]
[WhiteFideId "704954"]
[BlackFideId "25744437"]
[WhiteElo "2541"]
[BlackElo "2083"]
[Result "1-0"]
[Round "1"]
[TimeControl "180+2"]
[Date "2023.07.04"]
[WhiteClock "0:01:07"]
[BlackClock "0:00:48"]
[Board "217"]

1. d4 Nf6 2. c4 e6 3. g3 Bb4+ 4. Nd2 O-O 5. Bg2 d5 6. Nf3 dxc4 7. O-O Nc6 8. Nxc4 Bd7 9. a3 Bd6 10. b4 Nd5 11. Bb2 a5 12. b5 Nce7 13. e4 Nb6 14. Nxb6 cxb6 15. a4 Ng6 16. h4 f5 17. e5 Bc7 18. d5 exd5 19. Qxd5+ Kh8 20. Rad1 Bc8 21. Qc4 Qe7 22. Rc1 Bb8 23. Qxc8 Rxc8 24. Rxc8+ Nf8 25. Rd1 Bxe5 26. Rxa8 Bxb2 27. Rdd8 Kg8 28. Rxf8+ Qxf8 29. Rxf8+ Kxf8 30. Ng5 h6 31. Ne6+ Ke7 32. Nf4 Kd6 33. Bxb7 g5 34. hxg5 hxg5 35. Nd3 Bd4 36. Kg2 Kc7 37. Bc6 Kd6 38. f3 Ke6 39. g4 f4 40. Kf1 Kd6 41. Ke2 Ke6 42. Kd1 Kd6 43. Kc2 Ke6 44. Kb3 Kd6 45. Kc4 Ke6 46. Kxd4 1-0


[Site "https://www.chess.com"]

[Event "Titled Tuesday Blitz July 4 Early 2023"]
[White "Sailer, Mike"]
[Black "Zavgorodniy, Sergiy"]
[WhiteFideId "2012901"]
[BlackFideId "14110148"]
[WhiteElo "2083"]
[BlackElo "2540"]
[Result "0-1"]
[Round "1"]
[TimeControl "180+2"]
[Date "2023.07.04"]
[WhiteClock "0:01:47"]
[BlackClock "0:01:54"]
[Board "218"]

1. d4 Nf6 2. Nc3 d6 3. Bg5 e5 4. d5 Be7 5. Bxf6 Bxf6 6. e4 O-O 7. h3 Bg5 8. Nf3 Bh6 9. Bd3 Nd7 10. O-O Nc5 11. b4 Nxd3 12. Qxd3 Bd7 13. a4 g6 14. Ne2 f5 15. c4 fxe4 16. Qxe4 Bf5 17. Qh4 Qxh4 18. Nxh4 Bd3 19. Rfe1 Bxc4 20. Nc3 Bd2 21. Re4 Bxc3 22. Rc1 Bxd5 23. Rxc3 Bxe4 0-1


[Site "https://www.chess.com"]

[Event "Titled Tuesday Blitz July 4 Early 2023"]
[White "David, Bogdan-Emanuel"]
[Black "Horokoskii"]
[WhiteFideId "1229907"]
[WhiteElo "2539"]
[BlackElo "2082"]
[Result "1-0"]
[Round "1"]
[TimeControl "180+2"]
[Date "2023.07.04"]
[WhiteClock "0:00:57"]
[BlackClock "0:00:41"]
[Board "219"]

1. e4 e6 2. Qe2 e5 3. Nf3 Nc6 4. g3 Nf6 5. Bg2 Bc5 6. O-O O-O 7. d3 a5 8. a4 h6 9. Na3 d6 10. c3 Bg4 11. h3 Bxf3 12. Bxf3 Qe7 13. Bg2 Rfe8 14. Kh2 Rad8 15. Nb5 d5 16. Bd2 dxe4 17. dxe4 Rd7 18. Rad1 Red8 19. Bc1 Rxd1 20. Rxd1 Rxd1 21. Qxd1 Bxf2 22. Qe2 Bb6 23. Qc4 Qd7 24. Qe2 Ne7 25. Be3 Bxe3 26. Qxe3 c6 27. Na3 Qd1 28. Nc4 Ng6 29. Nxa5 Qxa4 30. Nxb7 Qb5 31. Nd8 Qxb2 32. Nxc6 Nf8 33. Nxe5 Ne6 34. Nc6 Qb5 35. Nd4 Nc5 36. Nxb5 1-0


[Site "https://www.chess.com"]

[Event "Titled Tuesday Blitz July 4 Early 2023"]
[White "Aanna12"]
[Black "Bruedigam, Martin"]
[BlackFideId "24608033"]
[WhiteElo "2075"]
[BlackElo "2539"]
[Result "0-1"]
[Round "1"]
[TimeControl "180+2"]
[Date "2023.07.04"]
[WhiteClock "0:00:00"]
[BlackClock "0:00:14"]
[Board "220"]

1. e4 e5 2. Nf3 Nc6 3. Bb5 a6 4. Ba4 Nf6 5. d3 d6 6. c3 Be7 7. O-O O-O 8. Nbd2 Bd7 9. Re1 Kh8 10. Nf1 Qe8 11. Bc2 Nh5 12. d4 f6 13. h3 Rd8 14. Ne3 Nf4 15. Nd5 Nxd5 16. exd5 Nb8 17. Nh4 Qf7 18. Bf5 Rde8 19. c4 Bd8 20. Be3 e4 21. Qg4 g6 22. Bxd7 Nxd7 23. g3 f5 24. Qf4 g5 25. Qxf5 Qxf5 26. Nxf5 Rxf5 27. Kg2 Kg7 28. b4 Kg6 29. a4 Nb6 30. Rec1 Bf6 31. a5 Nd7 0-1


[Site "https://www.chess.com"]

[Event "Titled Tuesday Blitz July 4 Early 2023"]
[White "Tikhonov, Viacheslav"]
[Black "Allam, Yara"]
[WhiteFideId "44196407"]
[BlackFideId "10615709"]
[WhiteElo "2539"]
[BlackElo "2071"]
[Result "1-0"]
[Round "1"]
[TimeControl "180+2"]
[Date "2023.07.04"]
[WhiteClock "0:00:32"]
[BlackClock "0:00:00"]
[Board "221"]

1. d4 d5 2. c4 c6 3. Nf3 Nf6 4. g3 e6 5. Bg2 dxc4 6. O-O Be7 7. Ne5 O-O 8. Nxc4 Nbd7 9. Nc3 Nb6 10. Ne5 Qc7 11. Qc2 Rd8 12. Rd1 Bd7 13. Bf4 Bd6 14. Rac1 Be8 15. Nb5 cxb5 16. Qxc7 Bxc7 17. Rxc7 Nfd5 18. Rc5 f6 19. Nd3 Rac8 20. Rdc1 Rxc5 21. Nxc5 Rc8 22. Nxe6 Nxf4 23. Rxc8 Nxe2+ 24. Kf1 Nxc8 25. Kxe2 Bf7 26. Nc7 Nd6 27. b3 a5 28. Kd3 a4 29. bxa4 bxa4 30. a3 Bb3 31. Bd5+ Bxd5 32. Nxd5 Nb5 33. Nc3 Nxa3 34. Nxa4 Nb5 35. Kc4 Nd6+ 36. Kd5 Nb5 37. Kc5 Nc7 38. Kb6 Ne6 39. d5 Nd8 40. Nc5 Kf8 41. Nxb7 Ke7 42. Nxd8 Kxd8 43. Kc6 f5 44. Kd6 g6 45. Ke6 1-0


[Site "https://www.chess.com"]

[Event "Titled Tuesday Blitz July 4 Early 2023"]
[White "Ho, In Hei Henry"]
[Black "Richter, Paul"]
[WhiteFideId "6002552"]
[BlackFideId "2046350"]
[WhiteElo "2070"]
[BlackElo "2538"]
[Result "0-1"]
[Round "1"]
[TimeControl "180+2"]
[Date "2023.07.04"]
[WhiteClock "0:00:10"]
[BlackClock "0:00:12"]
[Board "222"]

1. d4 Nf6 2. Nf3 g6 3. c4 Bg7 4. Nc3 O-O 5. e3 d6 6. Bd3 Nbd7 7. O-O e5 8. Re1 Re8 9. dxe5 dxe5 10. e4 c6 11. h3 Nh5 12. Bf1 Qc7 13. Qc2 Nc5 14. Be3 Ne6 15. Rad1 b6 16. b3 Bb7 17. Ne2 Rad8 18. Ng5 Nd4 19. Qb2 h6 20. Bxd4 exd4 21. Nf3 c5 22. Nd2 Bxe4 23. Nxe4 Rxe4 24. Nc1 Rxe1 25. Rxe1 Qd7 26. Nd3 Re8 27. Qd2 Nf6 28. f3 h5 29. Kf2 Kh7 30. Ne5 Qc7 31. Nd3 Bh6 32. Qd1 Be3+ 33. Rxe3 Rxe3 34. Kg1 Qg3 35. Nf2 Kg7 36. Bd3 Qe5 37. Be4 Nxe4 38. Nxe4 Rxe4 39. fxe4 Qxe4 40. Kf2 Qe3+ 41. Kf1 d3 42. Qe1 Qf4+ 43. Qf2 Qc1+ 44. Qe1 d2 0-1


[Site "https://www.chess.com"]

[Event "Titled Tuesday Blitz July 4 Early 2023"]
[White "Palczert, Matyas"]
[Black "Semenova, Alina"]
[WhiteFideId "784958"]
[BlackFideId "24113875"]
[WhiteElo "2538"]
[BlackElo "2065"]
[Result "1-0"]
[Round "1"]
[TimeControl "180+2"]
[Date "2023.07.04"]
[WhiteClock "0:00:55"]
[BlackClock "0:00:00"]
[Board "223"]

1. e4 e5 2. Nf3 Nf6 3. d4 Nxe4 4. Bd3 d5 5. Nxe5 Nd7 6. Nxd7 Bxd7 7. Nc3 Bb4 8. O-O Nxc3 9. Qe1+ Qe7 10. bxc3 Bd6 11. Qxe7+ Kxe7 12. Re1+ Kf6 13. c4 Rhe8 14. Bb2 c6 15. cxd5 cxd5 16. c4 Bc6 17. c5 Bc7 18. Re3 Rxe3 19. fxe3 Re8 20. Rf1+ Ke7 21. e4 dxe4 22. Bc4 Rd8 23. Rxf7+ Ke8 24. Rxc7 e3 25. Rxg7 Rd7 26. Rxd7 Kxd7 27. d5 Ba4 28. Kf1 Bd1 29. Be2 Bc2 30. Bg4+ Kc7 31. Ke2 Be4 32. d6+ Kc6 33. d7 Kc7 34. Be5+ Kd8 35. Bf6+ 1-0


[Site "https://www.chess.com"]

[Event "Titled Tuesday Blitz July 4 Early 2023"]
[White "Floresvillar Gonzalez, Luis Migu"]
[Black "Shuvalov, Evgenij"]
[WhiteFideId "5100542"]
[BlackFideId "4187237"]
[WhiteElo "2065"]
[BlackElo "2537"]
[Result "1-0"]
[Round "1"]
[TimeControl "180+2"]
[Date "2023.07.04"]
[WhiteClock "0:00:46"]
[BlackClock "0:00:20"]
[Board "224"]

1. e4 e6 2. b3 d5 3. Bb2 Nf6 4. exd5 exd5 5. Nf3 Be7 6. Bd3 O-O 7. O-O Nc6 8. h3 Nb4 9. Be2 Bf5 10. d3 c5 11. a3 Nc6 12. Nbd2 Re8 13. Re1 h6 14. Ne5 Qc7 15. Nxc6 bxc6 16. Nf3 Nd7 17. Qd2 Bd6 18. Bf1 Bf4 19. Qc3 d4 20. Qc4 Be6 21. Qa4 a5 22. Rxe6 Rxe6 23. Qc4 Nb6 24. Qxc5 Rd6 25. Bxd4 Nd7 26. Qf5 Rg6 27. Bc3 c5 28. Re1 Nf8 29. Ne5 Bxe5 30. Qxe5 Qc6 31. g3 Re6 32. Qxg7# 1-0


[Site "https://www.chess.com"]